 Dungeon Crawl Stone Soup version 0.31.0-11-ge490571c62 (webtiles) character file.

Game seed: 4495006503964520353

128 qw the Shooter (level 4, -2/23 HPs)
             Began as a Spriggan Hunter on Feb 3, 2024.
             Slain by a black bear (5 damage)
             ... on level 4 of the Dungeon.
             The game lasted 00:00:33 (2425 turns).

qw the Shooter (Spriggan Hunter)                    Turns: 2425, Time: 00:00:34

Health: -2/23      AC:  2    Str:  7    XL:     4   Next: 87%
Magic:  5/5        EV: 20    Int: 10    God:
Gold:   146        SH:  0    Dex: 20    Spells: 3/3 levels left

rFire   . . .        a - +0 shortbow
rCold   . . .        (shield currently unavailable)
rNeg    . . .        c - +0 robe
rPois   .            (helmet restricted)
rElec   .            (no cloak)
rCorr   .            (gloves unavailable)
SInv    +            (boots unavailable)
Will    .....        (no amulet)
Stlth   ++           (no ring)
HPRegen 0.23/turn    (no ring)
MPRegen 0.09/turn

%: no passive effects
@: hasted, very quick
A: very small, no large weapons, unfitting armour, see invisible, speed 3
a: no special abilities


You were on level 4 of the Dungeon.
You visited 1 branch of the dungeon, and saw 4 of its levels.

You collected 146 gold pieces.


Innate Abilities, Weirdness & Mutations

You are very small and have problems with some larger weapons.
You are too small for most types of armour.
You have supernaturally acute eyesight. (SInv)
You cover ground extremely quickly. (Speed+++)


   Skills:
 - Level 2.0 Fighting
 + Level 5.1 Ranged Weapons
 - Level 5.0 Dodging
 - Level 1.5 Stealth


You had 3 spell levels left.
You didn't know any spells.
Your spell library was empty.

Inventory:

Hand Weapons
 a - a +0 shortbow (weapon)
Armour
 c - a +0 robe (worn)
Scrolls
 b - a scroll of identify
 i - a scroll of enchant armour
Potions
 f - a potion of might
 g - a potion of enlightenment {unknown}
 k - a potion of magic {unknown}
 l - a potion of mutation {unknown}

Dungeon Overview and Level Annotations

Branches:
Dungeon (4/15)
 Temple: D:4-7

Altars:
Ashenzari
Elyvilon
Ru


Message History

You open the door.
There is an open door here.
You open the door.
There is an open door here.
You open the door.
There is an open door here.
Found a quarterstaff.
Enter note:
Enter note: A black bear comes into view.
Found a fuming grey potion.
2414 ||| DRINKING potion of haste.
You feel yourself speed up.
You shoot an arrow. The arrow hits the black bear!
The black bear is moderately wounded.
You shoot an arrow. The arrow hits the black bear!
The black bear is severely wounded.
You shoot an arrow. The arrow barely misses the black bear.
You shoot an arrow.
The arrow completely misses the black bear.
You shoot an arrow.
The arrow closely misses the black bear.
A bombardier beetle comes into view.
You shoot an arrow. The arrow hits the black bear.
The black bear is almost dead.
You shoot an arrow. The arrow hits the black bear.
The black bear is almost dead.
You shoot an arrow.
The arrow closely misses the black bear.
The black bear goes berserk!
Enter note: You shoot an arrow.
The arrow hits the black bear.
The black bear is almost dead.
You shoot an arrow.
The arrow completely misses the black bear.
The black bear misses you. The black bear claws you! x2
You shoot an arrow. The arrow barely misses the black bear.
The black bear bites you.
The black bear claws you but does no damage.
The black bear claws you.
You die...

#......... #.........
#........< ## ####
#########..##
.###.##..##...##..##..##
...............#.......'
...............#.......#
..B...h.......!#.......#
#@.# #####.###
###..##+########.###
#.....#.............
#.....'.............
#####..##'###.####.###
##.###..##..##.####+###
#........+...#...'.....
#........#...#...#.....
#...##...#...#...#.....


You could see a black bear (berserk) and a bombardier beetle.

Vanquished Creatures
  Terence (D:2)
  4 adders
  A dart slug (D:1)
  2 ribbon worms
  3 ball pythons (D:2)
  4 bats
  7 endoplasms
  5 giant cockroaches
  7 goblins
  9 hobgoblins
  5 kobolds
  2 quokkas
  3 frilled lizards
  2 rats
55 creatures vanquished.

Notes
Turn   | Place    | Note
-------+----------+-------------------------------------------
     0 | D:1      | qw the Spriggan Hunter began the quest for the Orb.
     0 | D:1      | Reached XP level 1. HP: 10/10 MP: 2/2
     0 | D:1      | 0 ||| qw: Version: 0.3-a-155-g5e7d8dd
     0 | D:1      | 0 ||| qw: Game counter: 3532
     0 | D:1      | 0 ||| qw: Melee chars always use a shield: true
     0 | D:1      | 0 ||| qw: God list: Okawaru
     0 | D:1      | 0 ||| qw: Allow faded altars: false
     0 | D:1      | 0 ||| qw: Do Orc after clearing Dungeon:15 true
     0 | D:1      | 0 ||| qw: Do second Lair branch before Depths: true
     0 | D:1      | 0 ||| qw: Lair rune preference: random
     0 | D:1      | 0 ||| qw: Goals: Normal
     0 | D:1      | 0 ||| PLANNING D:1-11
    17 | D:1      | Reached skill level 3 in Dodging
    73 | D:1      | Reached XP level 2. HP: 14/14 MP: 3/3
   591 | D:1      | 591 ||| READING scroll labelled BEKA ETAUD.
   592 | D:1      | 592 ||| READING scroll labelled MACVABL YLAONK.
   592 | D:1      | 592 ||| IDENTIFYING fuming golden potion
   593 | D:1      | 593 ||| READING scroll labelled ZEXKOE XAYKH.
   596 | D:1      | 596 ||| READING scroll labelled OXTEZE BORHAS.
   597 | D:1      | 597 ||| DRINKING 2 silvery potions.
   598 | D:1      | 598 ||| DROPPING scroll of butterflies.
   599 | D:1      | 599 ||| DROPPING potion of degeneration.
   619 | D:2      | 619 ||| STAIRDANCE
   629 | D:2      | 629 ||| STAIRDANCE
   632 | D:1      | Reached XP level 3. HP: 18/18 MP: 4/4
   849 | D:2      | Reached XP level 4. HP: 22/22 MP: 5/5
   988 | D:2      | Noticed Terence
   997 | D:2      | Killed Terence
  1001 | D:2      | HP: 5/22 [poisoned by an adder]
  1225 | D:2      | Found a white marble altar of Elyvilon.
  1297 | D:2      | 1297 ||| FLEEEEING.
  1298 | D:2      | 1298 ||| FLEEEEING.
  1299 | D:2      | 1299 ||| FLEEEEING.
  1300 | D:2      | 1300 ||| FLEEEEING.
  1303 | D:2      | 1303 ||| FLEEEEING.
  1304 | D:2      | 1304 ||| FLEEEEING.
  1305 | D:2      | 1305 ||| FLEEEEING.
  1306 | D:2      | 1306 ||| FLEEEEING.
  1307 | D:2      | 1307 ||| FLEEEEING.
  1308 | D:2      | 1308 ||| FLEEEEING.
  1310 | D:2      | 1310 ||| FLEEEEING.
  1555 | D:2      | 1555 ||| READING scroll labelled XYTOER LOHIN.
  1555 | D:2      | 1555 ||| ENCHANTING +0 shortbow.
  1556 | D:2      | 1556 ||| READING scroll labelled VIPIUL TAGAEWU.
  1657 | D:2      | 1657 ||| DRINKING 2 coppery potions.
  1962 | D:3      | Found a sacrificial altar of Ru.
  2187 | D:3      | 2187 ||| READING scroll of identify.
  2187 | D:3      | 2187 ||| IDENTIFYING smoky cyan potion
  2188 | D:3      | 2188 ||| READING scroll labelled EDIYKK ZAYMAD.
  2189 | D:3      | 2189 ||| DRINKING 2 bubbling grey potions.
  2190 | D:3      | 2190 ||| DROPPING potion of lignification.
  2192 | D:3      | 2192 ||| Stepping ~*~*~tactically~*~*~ (cloud).
  2193 | D:3      | 2193 ||| DRINKING potion of curing.
  2193 | D:3      | 2193 ||| (to cure poison)
  2195 | D:3      | 2195 ||| Stepping ~*~*~tactically~*~*~ (cloud).
  2293 | D:4      | Found a broken altar of Ashenzari.
  2413 | D:4      | Noticed a black bear
  2414 | D:4      | 2414 ||| DRINKING potion of haste.
  2425 | D:4      | HP: 3/23 [black bear (6)]
  2425 | D:4      | Slain by a black bear

Levels and vault maps discovered:
D:1:      spicycebolla_green_bress_n_ham_2, layout_loops_ring
D:2:      layout_loops_ring, basic_altar, serial_bayou_pond_a, chequers_avenue,
          minmay_crystal_room, hangedman_decor_slide_cut, minmay_3d_cube,
          uniq_terence
D:3:      layout_loops_cross, nicolae_ru_awakened_eye, hangedman_decor_growths
D:4:      layout_gridville, mainiacjoe_overflow_brackets,
          minmay_temple_entry_metal_lava, uniq_menkaure, uniq_blork_the_orc

Skill      XL: |  1  2  3  4 |
---------------+-------------+-----
Dodging        | 3 4 5 |  5.0
Ranged Weapons | 5 |  5.1
Fighting       | 2 |  2.0
Stealth        | |  1.5

Action                     |  1- 3 |  4- 6 || total
---------------------------+-------+-------++-------
   Fire: Shortbow          |    99 |    69 ||   168
    Use: Scroll            |     4 |     4 ||     8
         Potion            |     1 |     4 ||     5
 Armour: Robe              |     8 |    14 ||    22
  Dodge: Dodged            |    38 |    30 ||    68

Table legend:
 A = Non-vault XP
 B = Vault XP
 C = Vault XP percentage of total XP
 D = Non-vault monster count
 E = Vault monster count
 F = Vault count percentage of total count
                 A         B        C        D         E       F
            +---------+---------+-------+---------+---------+-------
      Total |     135 |      49 |  26.6 |      53 |       2 |   3.6
            +---------+---------+-------+---------+---------+-------
        D:1 |      50 |       0 |   0.0 |      21 |       0 |   0.0
        D:2 |      63 |      49 |  43.8 |      22 |       2 |   8.3
        D:3 |      18 |       0 |   0.0 |       8 |       0 |   0.0
        D:4 |       4 |       0 |   0.0 |       2 |       0 |   0.0
            +---------+---------+-------+---------+---------+-------
